 Dungeon Crawl Stone Soup version 0.32-a0-18-g89e19f1974 (webtiles) character file.

Game seed: 4249918520925352303

797 jasper the Shooter (level 7, -5/33 HPs)
             Began as a Spriggan Hexslinger on Jan 16, 2024.
             Killed by nerve-wracking pain
             ... invoked by an orc priest
              (13 damage)
             ... on level 5 of the Dungeon.
             The game lasted 00:06:45 (3315 turns).

jasper the Shooter (Spriggan Hexslinger)            Turns: 3315, Time: 00:06:46

Health: -5/33      AC:  3    Str:  4    XL:     7   Next: 58%
Magic:  10/10      EV: 17    Int: 21    God:
Gold:   57         SH:  0    Dex: 19    Spells: 5/8 levels left

rFire   . . .        a - +1 sling (freeze)
rCold   . . .        (no shield)
rNeg    . . .        c - +1 robe
rPois   .            (helmet restricted)
rElec   .            (no cloak)
rCorr   .            (gloves unavailable)
SInv    +            (boots unavailable)
Will    +....        (no amulet)
Stlth   ++++         b - +6 ring of intelligence
HPRegen 0.25/turn    (no ring)
MPRegen 0.12/turn

%: no passive effects
@: very quick
A: very small, no large weapons, unfitting armour, see invisible, speed 3
a: no special abilities


You were on level 5 of the Dungeon.
You visited 2 branches of the dungeon, and saw 6 of its levels.
You also visited: Ossuary.

You collected 178 gold pieces.
You spent 121 gold pieces at shops.

Inventory:

Hand Weapons
 a - a +1 sling of freezing (weapon)
Missiles
 i - a throwing net
Armour
 c - a +1 robe (worn)
Jewellery
 b - a +6 ring of intelligence (left hand)
 f - an amulet of faith
Scrolls
 e - a scroll of noise
 m - a scroll of fear
 n - a scroll of poison
 p - a scroll of fog
 q - a scroll of teleportation
 s - a scroll of immolation
Potions
 d - 2 potions of might
 g - 3 potions of curing
 h - a potion of berserk rage
 j - 2 potions of heal wounds {unknown}
 k - 2 potions of mutation {unknown}
 l - a potion of lignification {unknown}
 o - a potion of ambrosia {unknown}
 r - a potion of degeneration {unknown}


   Skills:
 - Level 1.0 Fighting
 + Level 7.5 Ranged Weapons
 - Level 2.6 Dodging
 - Level 6.6 Stealth
 - Level 1.3 Spellcasting
 - Level 3.6 Hexes
 - Level 0.7 Fire Magic


You had 5 spell levels left.
You knew the following spells:

 Your Spells              Type           Power      Damage    Failure   Level
a - Inner Flame           Hex/Fire       10%        N/A       19%         3

Your spell library contained the following spells:

 Spells                   Type           Power      Damage    Failure   Level
 Jinxbite                 Hex            32%        N/A       5%          2
 Sigil of Binding         Hex            16%        N/A       11%         3
 Freeze                   Ice            4%         1d3       16%         1
 Blink                    Tloc           2%         N/A       24%         2
 Cigotuvi's Dreadful Rot  Necr/Alch/Air  2%         N/A       24%         2
 Lesser Beckoning         Tloc           2%         N/A       24%         2
 Momentum Strike          Conj/Tloc      2%         3d8       24%         2
 Cause Fear               Hex            8%         N/A       34%         4
 Call Canine Familiar     Summ           1%         N/A       43%         3
 Frozen Ramparts          Ice            2%         1d1       43%         3
 Hailstorm                Conj/Ice       1%         3d5       43%         3
 Dimensional Bullseye     Hex/Tloc       4%         N/A       58%         4
 Ignite Poison            Fire/Alch      2%         N/A       80%         4
 Freezing Cloud           Conj/Ice/Air   0%         6-21      99%         5


Dungeon Overview and Level Annotations

Branches:
Dungeon (5/15)             Temple (1/1) D:4         Ossuary (visited)

Altars:
Ashenzari
Cheibriados
Dithmenos
Gozag
Makhleb
Nemelex Xobeh
Ru
Uskayaw
Vehumet
Xom
Yredelemnul
The Shining One

Shops:
D:3 :(   D:5 ?


Innate Abilities, Weirdness & Mutations

You are very small and have problems with some larger weapons.
You are too small for most types of armour.
You have supernaturally acute eyesight. (SInv)
You cover ground extremely quickly. (Speed+++)


Message History

The orc priest calls down the wrath of Beogh upon you.
You resist with significant effort.
Fire: a) +1 sling (freeze)
Press: ? - help, Q - select action, (/) - cycle Shift-Dir - straight line, f/p - orc priest
Aim: an orc priest, wielding a +0 short sword and wearing a +0 ring mail (heavily wounded, 66% to hit)
You shoot a sling bullet.
The sling bullet barely misses the orc priest.
The orc priest closely misses you.
Fire: a) +1 sling (freeze)
Press: ? - help, Q - select action, (/) - cycle Shift-Dir - straight line, f/p - orc priest
Aim: an orc priest, wielding a +0 short sword and wearing a +0 ring mail (heavily wounded, 66% to hit)
You shoot a sling bullet. The sling bullet hits the orc priest.
The sling bullet freezes the orc priest.
The orc priest is heavily wounded.
The orc priest barely misses you. The orc priest closely misses you.
Fire: a) +1 sling (freeze)
Press: ? - help, Q - select action, (/) - cycle Shift-Dir - straight line, f/p - orc priest
Aim: an orc priest, wielding a +0 short sword and wearing a +0 ring mail (heavily wounded, 66% to hit)
You shoot a sling bullet.
The sling bullet closely misses the orc priest.
The orc priest hits you with a +0 short sword.
You take 2 damage, and have 10/33 hp.
Fire: a) +1 sling (freeze)
Press: ? - help, Q - select action, (/) - cycle Shift-Dir - straight line, f/p - orc priest
Aim: an orc priest, wielding a +0 short sword and wearing a +0 ring mail (heavily wounded, 66% to hit)
You shoot a sling bullet.
The sling bullet hits the orc priest but does no damage.
The orc priest is heavily wounded.
The orc priest hits you with a +0 short sword.
* * * LOW HITPOINT WARNING * * *
You take 2 damage, and have 8/33 hp.
Fire: a) +1 sling (freeze)
Press: ? - help, Q - select action, (/) - cycle Shift-Dir - straight line, f/p - orc priest
Aim: an orc priest, wielding a +0 short sword and wearing a +0 ring mail (heavily wounded, 66% to hit)
You shoot a sling bullet.
The sling bullet hits the orc priest but does no damage.
The orc priest is heavily wounded.
The orc priest invokes the aid of Beogh against you.
Pain shoots through your body!
You die...

*** *** ##............##....#
**8***_*** ##..........###....#
8,,,8,..8***#..####.###..##....#
,,,,,,...####.## #..# ##.##....#
,,,,,,...8#...# #.#####.......##
,,,,,,...#########)......##......
8,,,8,..8#** ##...#####.##......
**8***_#** #..#.# #..#....).
******* #.@..# ##.#####..
***,***###*##o...# #.## #..
*,,,,,*....#.....# ##..####..
*,,,,,*......#...#####........#
*,,,,,*....#...................
*,,,,,#.......####..####.._..##
*,,,,,......................... *
*,,,,,.......#....#######.#####
***,,,,,...##.......,,** #.#


You could see an orc priest.

Vanquished Creatures
  Sigmund (D:2)
  An ogre (D:4)
  2 scorpions
  A howler monkey (D:5)
  A bombardier beetle (D:3)
  A jelly (D:4)
  2 orc priests
  A gnoll bouda (D:5)
  A mummy (Ossuary)
  A howler monkey zombie (Ossuary)
  9 adders
  4 gnolls (D:5)
  A white imp (D:5)
  2 ribbon worms (D:3)
  4 orcs
  4 endoplasms
  2 giant cockroaches
  11 goblins
  9 hobgoblins
  7 jackals
  2 quokkas
  10 ball pythons
  7 bats
  2 frilled lizards (D:1)
  6 kobolds
  8 rats
100 creatures vanquished.

Notes
Turn   | Place    | Note
-------+----------+-------------------------------------------
     0 | D:1      | jasper the Spriggan Hexslinger began the quest for the Orb.
     0 | D:1      | Reached XP level 1. HP: 9/9 MP: 3/3
    74 | D:1      | Reached skill level 1 in Fighting
   105 | D:1      | Reached skill level 1 in Stealth
   113 | D:1      | Reached XP level 2. HP: 14/14 MP: 5/5
   443 | D:2      | Reached XP level 3. HP: 18/18 MP: 6/6
   521 | D:2      | Noticed Sigmund
   534 | D:2      | Killed Sigmund
   535 | D:2      | Reached skill level 4 in Ranged Weapons
   535 | D:2      | Reached skill level 5 in Stealth
   535 | D:2      | Reached XP level 4. HP: 15/22 MP: 7/7
   535 | D:2      | Reached XP level 5. HP: 17/25 MP: 8/8
  1196 | D:3      | Found Nosh's Book Shop.
  1315 | D:3      | Reached XP level 6. HP: 27/30 MP: 9/9
  1568 | D:3      | Learned a level 3 spell: Inner Flame
  1685 | D:3      | Found Ydits's Weapon Emporium.
  1896 | D:3      | Found an opulent altar of Gozag.
  1896 | D:3      | Found a sparkling altar of Nemelex Xobeh.
  1905 | D:3      | Reached skill level 5 in Ranged Weapons
  2345 | D:4      | Reached skill level 6 in Ranged Weapons
  2405 | D:4      | Found a broken altar of Ashenzari.
  2461 | D:4      | Found a staircase to the Ecumenical Temple.
  2470 | Temple   | Entered the Ecumenical Temple
  2485 | D:4      | Reached XP level 7. HP: 33/33 MP: 10/10
  2588 | D:4      | Found a sand-covered staircase.
  2597 | Ossuary  | Entered an ossuary
  2881 | D:5      | Entered Level 5 of the Dungeon
  2883 | D:5      | Found Dusagiz's Magic Scroll Shop.
  2891 | D:5      | Bought a scroll of fear for 44 gold pieces
  2891 | D:5      | Bought a scroll of fog for 44 gold pieces
  2891 | D:5      | Bought a scroll of teleportation for 33 gold pieces
  3027 | D:5      | Reached skill level 7 in Ranged Weapons
  3093 | D:5      | Found a basalt altar of Yredelemnul.
  3283 | D:5      | Found a radiant altar of Vehumet.
  3284 | D:5      | Found a shimmering altar of Xom.
  3315 | D:5      | Killed from afar by an orc priest

Illustrated notes

Levels and vault maps discovered:
D:1:      ncdulo_wetmaze, layout_rooms, minmay_misc_feat_secret_circle
D:2:      layout_basic, uniq_sigmund
D:3:      layout_loops_corners, grunt_temple_overflow_opulence, serial_shops,
          shop, shop
D:4:      layout_rooms, lemuel_tele_altar, minmay_temple_entry_slanted,
          chequers_ossuary_entry_cave
D:5:      layout_rooms, mainiacjoe_overflow_boulevard,
          nicolae_overflow_hidden_temple, serial_shops, shop
Temple:   nicolae_temple_bog_church

Skill      XL: |  1  2  3  4  5  6  7 |
---------------+----------------------+-----
Fighting       | 1 |  1.0
Stealth        | 1 3 5 6 |  6.6
Ranged Weapons | 4 6 7 |  7.5
Dodging        | |  2.6
Spellcasting   | |  1.3
Hexes          | |  3.6
Fire Magic     | |  0.7

Action                     |  1- 3 |  4- 6 |  7- 9 || total
---------------------------+-------+-------+-------++-------
   Fire: Sling             |    90 |   177 |   123 ||   390
    Use: Scroll            |     1 |     7 |     3 ||    11
 Armour: Robe              |     8 |    21 |    13 ||    42
  Dodge: Dodged            |    25 |    38 |    33 ||    96

Table legend: (Time is in decaauts)
 A = Elapsed time spent in this place.
 B = Non-inter-level travel time spent in this place.
 C = Inter-level travel time spent in this place.
 D = Time resting spent in this place.
 E = Time spent auto-exploring this place.
 F = Levels seen in this place.
 G = Mean time per level.
                   A        B        C        D        E       F      G
               +--------+--------+--------+--------+--------+-----+--------+
         Total |   2408 |   2352 |     56 |     86 |   1561 |   7 |  344.0 |
       Dungeon |   2309 |   2253 |     56 |     86 |   1506 |   5 |  461.8 |
        Temple |      1 |      1 |      0 |      0 |      0 |   1 |    1.0 |
       Ossuary |     97 |     97 |      0 |      0 |     55 |   1 |   97.0 |
               +--------+--------+--------+--------+--------+-----+--------+

Top non-repeatable levels by time:
     D:3: 751 daAuts
     D:2: 524 daAuts
     D:4: 363 daAuts
     D:5: 343 daAuts
     D:1: 325 daAuts
 Ossuary: 97 daAuts
  Temple: 1 daAuts
